 Dungeon Sprint DCSS version 0.27-a0-637-g3a9f0a9c12 (webtiles) character file.

Game seed: 8098817368607137108

3633 mhtbhm the Blocker (level 10, -12/68 HPs)
             Began as a Gargoyle Fighter on Mar 14, 2021.
             Was the Champion of Trog.
             Mangled by a bog body (20 damage)
             ... in the Dungeon (Sprint VII: "The Pits").
             The game lasted 00:02:06 (1014 turns).

mhtbhm the Blocker (Gargoyle Fighter)               Turns: 1014, Time: 00:02:06

Health: -12/68     AC: 28    Str: 26    XL:     10   Next: 11%
Magic:  10/10      EV: 11    Int:  9    God:    Trog [******]
Gold:   0          SH: 13    Dex:  9    Spells: 9/9 levels left

rFire    . . .     SeeInvis .   a - +5 hand axe (vorpal)
rCold    . . .     Faith    .   c - +0 kite shield
rNeg     + . .     Spirit   .   b - +3 plate armour
rPois    ∞         Reflect  .   o - +0 helmet
rElec    +         Harm     .   (no cloak)
rCorr    .         Rampage  .   (no gloves)
Will     .....     NoTele   +   p - +0 pair of boots
Stlth    ..........             (no amulet)
HPRegen  0.21/turn              f - +3 ring of evasion
MPRegen  0.12/turn              m - +3 ring of strength

@: berserk cooldown, slowed, very slow
A: AC +7, negative energy resistance 1, electricity resistance, torment
resistance 1, unbreathing 1, petrification resistance
a: Renounce Religion, Berserk, Trog's Hand, Brothers in Arms


You were in the Dungeon.
You worshipped Trog.
Trog was exalted by your worship.
You visited 1 branch

Inventory:

Hand Weapons
 a - a +5 vorpal hand axe (weapon)
Missiles
 q - a curare-tipped dart (quivered)
Armour
 b - a +3 plate armour (worn)
 c - a +0 kite shield (worn)
 o - a +0 helmet (worn)
 p - a +0 pair of boots (worn)
Jewellery
 f - a +3 ring of evasion (right hand)
 m - a +3 ring of strength (left hand)
Scrolls
 j - a scroll of blinking
 l - a scroll of summoning
Potions
 d - 8 potions of heal wounds
 e - 8 potions of curing
 g - 2 potions of haste
 h - 4 potions of magic
 i - 3 potions of berserk rage
 k - 2 potions of invisibility
 n - a potion of might


   Skills:
 + Level 10.0 Fighting
 + Level 12.8 Axes
 + Level 10.6 Armour
 + Level 4.8 Dodging
 + Level 13.1 Shields


You had 9 spell levels left.
You didn't know any spells.
Your spell library was empty.

Dungeon Overview and Level Annotations

Branches:
Dungeon (1/1)

Altars:
Ashenzari
Cheibriados
Dithmenos
Elyvilon
Fedhas
Gozag
Hepliaklqana
Kikubaaqudgha
Makhleb
Nemelex Xobeh
Okawaru
Qazlal
Ru
Sif Muna
Trog
Uskayaw
Vehumet
Wu Jian
Xom
Yredelemnul
Zin
The Shining One
Beogh
Jiyva
Lugonu


Innate Abilities, Weirdness & Mutations

Your stone body is resilient. (AC +7)
You are immune to poison.
You resist negative energy. (rN+)
You are resistant to electric shocks. (rElec)
You are resistant to unholy torment.
You can survive without breathing.
You are immune to petrification.


Message History

The orc sorcerer is severely wounded.
You hit something. Something hits you but does no damage.
The orc sorcerer hits you but does no damage.
Your plate armour prevents you from hitting the orc sorcerer.
The orc sorcerer is severely wounded.
You slash something!
Unknown command.
You slash the orc sorcerer!
The orc sorcerer is almost dead.
You slash something! Trog accepts your kill.
Reactivating autopickup.
You feel a bit more experienced.
You are no longer berserk.
You are exhausted.
You feel as though you will be slow longer.
You block the orc sorcerer's attack.
Your life force feels restored.
Unknown command.
You slash the orc sorcerer!
You kill the orc sorcerer!
Trog accepts your kill.
Trog appreciates your killing of a magic user.
You slash the bog body!
The bog body gestures at you while chanting.
You feel as though you will be slow longer.
Your Fighting skill increases to level 10!
Your Shields skill increases to level 13!
You have reached level 10!
You feel much better.
The bog body gestures at you while chanting.
The bolt of cold hits you!!!
Ouch! That really hurt!
* * * LOW HITPOINT WARNING * * *
Your shield and plate armour prevent you from hitting the bog body.
The bog body is lightly damaged.
The bog body barely misses you. The bog body touches you.
* * * LOW HITPOINT WARNING * * *
The bog body freezes you!!
You die...

#..# #..# #..#
####### #..#
..##..# #..#
..##..# #..#
..''..# #)n#
..''..##########@.#
..##..)...........#
..##..............#
###################


You could see a bog body.

Vanquished Creatures
  2 shadow wraiths (D)
  An orc sorcerer (D)
  An elephant (D)
  2 kobold demonologists (D)
  A tyrant leech (D)
  A warg (D)
  2 water moccasins (D)
  A necrophage (D)
  A centaur (D)
  2 ogres (D)
  A kobold brigand (D)
  5 wights (D)
  An iron imp (D)
  A gnoll shaman (D)
  A hell rat (D)
  5 gnolls (D)
  An adder (D)
  An ufetubus (D)
  2 oozes (D)
  An adder zombie (D)
  2 leopard geckos (D)
  An orc (D)
  A bat skeleton (D)
  A goblin (D)
  A hobgoblin (D)
  2 kobolds (D)
  A rat (D)
42 creatures vanquished.

Notes
Turn   | Place    | Note
-------+----------+-------------------------------------------
     0 | D        | mhtbhm the Gargoyle Fighter began the quest for the Orb.
     0 | D        | Reached XP level 1. HP: 14/14 MP: 1/1
    17 | D        | Found a bloodstained altar of Trog.
    17 | D        | Found a shimmering blue altar of Sif Muna.
    17 | D        | Found a viscous altar of Jiyva.
    17 | D        | Found a hazy altar of Hepliaklqana.
    17 | D        | Found an opulent altar of Gozag.
    18 | D        | Found a glowing golden altar of the Shining One.
    18 | D        | Found a glowing silver altar of Zin.
    18 | D        | Found a shimmering altar of Xom.
    18 | D        | Found an ornate altar of the Wu Jian Council.
    18 | D        | Found a sacrificial altar of Ru.
    18 | D        | Found a stormy altar of Qazlal.
    18 | D        | Found an iron altar of Okawaru.
    18 | D        | Found a sparkling altar of Nemelex Xobeh.
    18 | D        | Found a burning altar of Makhleb.
    18 | D        | Found a blossoming altar of Fedhas.
    18 | D        | Found a white marble altar of Elyvilon.
    18 | D        | Found a shadowy altar of Dithmenos.
    18 | D        | Found a snail-covered altar of Cheibriados.
    20 | D        | Found a radiant altar of Vehumet.
    20 | D        | Found a corrupted altar of Lugonu.
    22 | D        | Became a worshipper of Trog the Wrathful
    80 | D        | Reached skill level 4 in Shields
    80 | D        | Reached XP level 2. HP: 16/20 MP: 2/2
    80 | D        | Reached * piety under Trog
   146 | D        | Noticed a wight
   146 | D        | Noticed a wight
   146 | D        | Noticed a wight
   146 | D        | Noticed a wight
   156 | D        | Noticed a wight
   157 | D        | Killed a wight
   157 | D        | Reached ** piety under Trog
   158 | D        | Reached skill level 5 in Fighting
   158 | D        | Reached skill level 1 in Dodging
   158 | D        | Reached skill level 5 in Shields
   158 | D        | Reached XP level 3. HP: 17/26 MP: 3/3
   158 | D        | Reached XP level 4. HP: 20/31 MP: 4/4
   160 | D        | Reached skill level 5 in Armour
   160 | D        | Reached skill level 6 in Shields
   160 | D        | Reached *** piety under Trog
   161 | D        | Reached skill level 5 in Axes
   161 | D        | Reached skill level 7 in Shields
   161 | D        | Reached XP level 5. HP: 14/37 MP: 5/5
   176 | D        | Reached XP level 6. HP: 39/42 MP: 6/6
   253 | D        | Noticed a water moccasin
   253 | D        | Noticed a necrophage
   257 | D        | Reached **** piety under Trog
   264 | D        | Reached skill level 8 in Shields
   266 | D        | Killed a water moccasin
   267 | D        | Reached skill level 9 in Shields
   267 | D        | Reached XP level 7. HP: 48/48 MP: 7/7
   268 | D        | Reached ***** piety under Trog
   273 | D        | Received a gift from Trog
   370 | D        | Noticed an elephant
   381 | D        | Killed an elephant
   382 | D        | Reached skill level 10 in Shields
   382 | D        | Reached XP level 8. HP: 47/54 MP: 8/8
   426 | D        | Reached skill level 10 in Axes
   444 | D        | Reached skill level 11 in Shields
   598 | D        | Noticed a kobold demonologist
   598 | D        | Noticed a kobold demonologist
   606 | D        | Killed a kobold demonologist
   606 | D        | Reached ****** piety under Trog
   613 | D        | Received a gift from Trog
   614 | D        | Reached XP level 9. HP: 60/60 MP: 9/9
   621 | D        | Killed a kobold demonologist
   748 | D        | Found a hide-covered altar of Uskayaw.
   748 | D        | Found an ancient bone altar of Kikubaaqudgha.
   748 | D        | Found a broken altar of Ashenzari.
   775 | D        | Noticed a tyrant leech
   791 | D        | Killed a tyrant leech
   792 | D        | Reached skill level 12 in Shields
   794 | D        | Killed a shadow wraith
   794 | D        | Received a gift from Trog
   795 | D        | Reached skill level 10 in Armour
   998 | D        | Noticed a bog body
   998 | D        | Noticed an orc sorcerer
  1004 | D        | Paralysed by an orc sorcerer for 4 turns
  1011 | D        | Killed a shadow wraith
  1012 | D        | Killed an orc sorcerer
  1013 | D        | Reached skill level 10 in Fighting
  1013 | D        | Reached skill level 13 in Shields
  1013 | D        | Reached XP level 10. HP: 19/68 MP: 10/10
  1014 | D        | Mangled by a bog body

Illustrated notes

Levels and vault maps discovered:
D:        pitsprint [storerooms_1, entrance_room_1, metal_vault_5, armoury_2,
          mini_pit_1, grid_room_1, main_hall_1, silver_pit, the_coven_2,
          the_vestibule_1, steel_vault_5, golden_pit, hallway_of_sentries,
          crystal_vault_3, iron_vault_3, final_vault]

Skill      XL: |  1  2  3  4  5  6  7  8  9 |
---------------+----------------------------+-----
Axes           | 2 3 5 6 7 9 11 12 | 12.8
Fighting       | 4 5 6 7 8 10 | 10.0
Armour         | 4 5 6 8 9 10 | 10.6
Shields        | 4 5 7 9 10 11 13 | 13.1
Dodging        | 1 2 3 4 |  4.8

Action                   |  1- 3 |  4- 6 |  7- 9 | 10-12 || total
-------------------------+-------+-------+-------+-------++-------
Melee: Hand axe          |    36 |    24 |    87 |     1 ||   148
       War axe           |     3 |       |       |       ||     3
Invok: Berserk           |     1 |     1 |     3 |       ||     5
  Use: Potion            |       |     2 |       |     1 ||     3
Armor: Scale mail        |    30 |     8 |       |       ||    38
       Chain mail        |       |    14 |    18 |       ||    32
       Plate armour      |       |       |    13 |       ||    13
Dodge: Dodged            |    15 |    15 |    10 |     1 ||    41
Block: Kite shield       |    33 |    33 |    41 |       ||   107

Table legend: (Time is in decaauts)
 A = Elapsed time spent in this place.
 B = Non-inter-level travel time spent in this place.
 C = Inter-level travel time spent in this place.
 D = Time resting spent in this place.
 E = Time spent auto-exploring this place.
 F = Levels seen in this place.
 G = Mean time per level.
                   A        B        C        D        E       F      G
               +--------+--------+--------+--------+--------+-----+--------+
         Total |   1060 |   1060 |      0 |    512 |     48 |   1 | 1060.0 |
       Dungeon |   1060 |   1060 |      0 |    512 |     48 |   1 | 1060.0 |
               +--------+--------+--------+--------+--------+-----+--------+

Top non-repeatable levels by time:
       D: 1060 daAuts
